AoeStats
← 化劲省二

MegaRandom

506355879Analyzed
1v1 RM · 20d ago on Sep 13, 2026· 18m 56s· 2 players
Game mode
Random Map
Map size
Tiny (2 player)
Population
200
Speed
Normal
Resources
Standard
Victory
Conquest
Starting age
Dark Age
Ending age
Imperial Age
RankedLock teamsTeams togetherTeam positionsShared explorationLock speedFull tech treeHidden civsTurbo modeCheats
Victory
Defeat
🇨🇳 Khitans · China
1160
+17
🇦🇷 Ethiopians · Argentina
1184
-17
化劲省二
3:18 Loom
10:57 Feudal Age
15:59 Castle Age
13:52 Double-Bit Axe
TE QUIERO DIEGO
6:17 Loom
9:25 Feudal Age
15:34 Double-Bit Axe
18:15 Fletching
18:41 Horse Collar
Connection lost

Rejoining the realm…

Still unreachable

The connection could not be restored.

Session expired

The server has moved on; the page needs a fresh start.